 Dungeon Crawl Stone Soup version bcrawl-1.19.2-6-g6a88ae04c9 (webtiles) character file.

Game seed: 13345388572525066821

445 Mrkan the Cudgeler (level 7, -2/112 HPs)
             Began as an Ogre Reaver on Dec 29, 2019.
             Was a Believer of Vehumet.
             Slain by an adder (3 damage)
             ... on level 4 of the Dungeon.
             The game lasted 00:05:19 (4504 turns).

Mrkan the Cudgeler (Ogre Reaver)                    Turns: 4504, Time: 00:05:20

Health: -2/112     AC:  6    Str: 23    XL:     7   Next: 3%
Magic:  13/13      EV:  9    Int: 15    God:    Vehumet [**....]
Gold:   134        SH:  0    Dex:  7    Spells: 12/14 levels left

rFire    . . .     SeeInvis .   s - +0 giant club
rCold    . . .     Gourm    .   (shield currently unavailable)
rNeg     . . .     Faith    .   b - +0 steam dragon scales
rPois    .         Spirit   .   (helmet restricted)
rElec    .         Reflect  .   (no cloak)
rCorr    .         Harm     .   (gloves unavailable)
MR       .....                  (boots unavailable)
Stlth    ..........             (no amulet)
HPRegen  0.28/turn              (no ring)
MPRegen  0.13/turn              (no ring)

@: berserking, lethally poisoned (-2 -> -4), heavily drained, very quick
A: large, unfitting armour, tough skin 1
a: Renounce Religion


You were on level 4 of the Dungeon.
You worshipped Vehumet.
Vehumet was pleased with you.
You were hungry.

You visited 1 branch of the dungeon, and saw 4 of its levels.

You collected 134 gold pieces.

Inventory:

Hand Weapons
 s - a +0 giant club (weapon)
Armour
 b - +0 steam dragon scales (worn)
Jewellery
 i - an uncursed ring of fire {unknown}
 k - an uncursed ring of wizardry
Scrolls
 d - a scroll of immolation
 e - 8 scrolls of identify {unknown}
 g - a scroll of enchant armour {unknown}
 l - 2 scrolls of magic mapping {unknown}
 m - a scroll of amnesia {unknown}
 p - a scroll of enchant weapon {unknown}
 q - a scroll of remove curse {unknown}
Potions
 c - a potion of haste
 h - a potion of might {unknown}
 j - a potion of berserk rage
 n - a potion of invisibility {unknown}
 o - a potion of heal wounds {unknown}
Comestibles
 f - 12 rations {!d}


   Skills:
 + Level 6.1(4.4) Fighting
 * Level 7.1(5.4) Maces & Flails
 - Level 2.6(1.2) Dodging
 + Level 4.4(2.8) Spellcasting


You had 12 spell levels left.
You knew the following spells:

 Your Spells              Type           Power        Failure   Level  Hunger
a - Throw Frost           Conj/Ice       #.....       9%          2    ##.....

Your spell library contained the following spells:

 Spells                   Type           Power        Failure   Level  Hunger
 Iskenderun's Battlesphe  Conj/Chrm      #.......     78%         5    ######.


Dungeon Overview and Level Annotations

Branches:
Dungeon (4/12)
 Temple: D:4-7

Altars:
Ashenzari
Cheibriados
Kikubaaqudgha
Trog
Zin


Innate Abilities, Weirdness & Mutations

You are too large for most types of armour.
You have tough skin. (AC +1)


Message History

You are more poisoned.
The adder poisons you! The adder bites you but does no damage.
You barely miss the adder.
* * * LOW HITPOINT WARNING * * *
You feel sick. The adder barely misses you. The adder closely misses you.
You miss the adder. The adder bites you.
* * * LOW HITPOINT WARNING * * *
The adder bites you but does no damage.
You miss the adder.
* * * LOW HITPOINT WARNING * * *
You feel sick. The adder closely misses you.
The adder bites you but does no damage.
It was a potion of berserk rage.
A red film seems to cover your vision as you go berserk!
You feel yourself moving faster!
You feel mighty!
* * * LOW HITPOINT WARNING * * *
You feel sick. The adder bites you but does no damage.
You are too berserk!
You closely miss the adder. The adder bites you.
You die...

.............##..# #.#
.............##..# #.#
.............##..# #.#
............^##..########.###
.............##..#..........#
............. #..#.##########
........[... #..#.#
........... #.S#.# ........
#.@#.# ####### #....#
.......%.# ########.# #.# #.#
###


You could see an adder.

Vanquished Creatures
  An ogre (D:4)
  A hound (D:3)
  A bullfrog skeleton (D:3)
  An orc priest (D:3)
  An orc wizard (D:3)
  An iguana (D:2)
  2 worker ants
  A howler monkey zombie (D:3)
  3 adders
  3 oozes
  An adder skeleton (D:4)
  5 worms
  4 dart slugs
  6 leopard geckos
  6 orcs
  7 bats
  4 giant cockroaches (D:1)
  2 goblins
  6 hobgoblins
  8 jackals
  5 kobolds
  3 quokkas
  2 frilled lizards
  A quokka skeleton (D:3)
  6 rats (D:1)
81 creatures vanquished.

Notes
Turn   | Place    | Note
-------+----------+-------------------------------------------
     0 | D:1      | Mrkan the Ogre Reaver began the quest for the Orb.
     0 | D:1      | Reached XP level 1. HP: 24/24 MP: 3/3
    37 | D:1      | Reached skill level 4 in Maces & Flails
    37 | D:1      | Reached XP level 2. HP: 29/32 MP: 3/5
   330 | D:1      | Reached XP level 3. HP: 39/40 MP: 7/7
   532 | D:1      | Reached * piety under Vehumet
   532 | D:1      | Offered knowledge of Magic Dart by Vehumet.
   809 | D:2      | Reached XP level 4. HP: 31/49 MP: 8/8
   926 | D:2      | Found a glowing silver altar of Zin.
  1059 | D:2      | Reached skill level 5 in Maces & Flails
  1770 | D:3      | Found a snail-covered altar of Cheibriados.
  1787 | D:3      | Reached skill level 5 in Fighting
  1933 | D:3      | Found a shattered altar of Ashenzari.
  1933 | D:3      | Found a bloodstained altar of Trog.
  1942 | D:3      | Reached XP level 5. HP: 39/57 MP: 10/10
  2072 | D:3      | Offered knowledge of Throw Frost by Vehumet.
  2079 | D:3      | Learned a level 2 spell: Throw Frost
  2324 | D:3      | Reached ** piety under Vehumet
  2443 | D:3      | Reached skill level 6 in Maces & Flails
  2450 | D:3      | Reached XP level 6. HP: 20/66 MP: 8/11
  2744 | D:3      | Found an ancient bone altar of Kikubaaqudgha.
  4137 | D:4      | Reached skill level 7 in Maces & Flails
  4137 | D:4      | Reached XP level 7. HP: 57/75 MP: 13/13
  4501 | D:4      | HP: 1/75 [adder (4)]
  4504 | D:4      | Slain by an adder

Skill      XL: |  1  2  3  4  5  6 |
---------------+-------------------+-----
Maces & Flails | 4 5 6 7 |  7.1
Spellcasting   | 3 4 |  4.4
Fighting       | 5 6 |  6.1
Dodging        | |  2.6

Action                   |  1- 3 |  4- 6 |  7- 9 || total
-------------------------+-------+-------+-------++-------
Melee: Flail             |   107 |   207 |       ||   314
       Giant club        |       |     7 |    69 ||    76
 Cast: Throw Frost       |       |    15 |       ||    15
  Use: Potion            |       |       |     1 ||     1
  Eat: Chunk             |       |    11 |     1 ||    12
Armor: Steam dragon scal |    52 |    95 |    55 ||   202
Dodge: Dodged            |    82 |   140 |    50 ||   272
